 Dungeon Crawl Stone Soup version 0.21.1-1-g345015f (webtiles) character file.

879 xccam the Sneak (level 7, 0/57 HPs)
             Began as a Red Draconian Monk on Feb 22, 2018.
             Was a Follower of Ru.
             Shot with an arrow by a centaur (11 damage)
             ... on level 6 of the Dungeon.
             The game lasted 00:15:14 (4959 turns).

xccam the Sneak (Red Draconian Monk)                Turns: 4959, Time: 00:15:16

Health: 0/57       AC:  8    Str: 13    XL:     7   Next: 75%
Magic:  7/7        EV: 13    Int: 11    God:    Ru [*.....]
Gold:   286        SH:  0    Dex: 15    Spells: 6/6 levels left

rFire    + . .     SeeInvis .   a - +1 short sword
rCold    + . .     Gourm    .   (no shield)
rNeg     . . .     Faith    .   (armour unavailable)
rPois    .         Spirit   .   (helmet restricted)
rElec    .         Reflect  .   s - +1 cloak
rCorr    .         Harm     .   (no gloves)
MR       .....                  (no boots)
Stlth    +++.......             (no amulet)
HPRegen  0.19/turn              q - ring of protection from cold
MPRegen  0.10/turn              (no ring)

@: short of breath
A: breathe fire, unfitting armour, fire resistance 1, cold-blooded, no air
magic, no conjurations magic, no transmutations magic, AC +6
a: Breathe Fire, Renounce Religion


You were on level 6 of the Dungeon.
You worshipped Ru.
Ru was aware of your devotion.
You were near starving.

You visited 2 branches of the dungeon, and saw 7 of its levels.

You collected 286 gold pieces.

Inventory:

Hand Weapons
 a - a +1 short sword (weapon)
Armour
 s - a +1 cloak (worn)
Jewellery
 q - a ring of protection from cold (left hand)
Wands
 g - a wand of iceblast (3)
Scrolls
 d - 2 scrolls of enchant weapon
 f - 4 scrolls of remove curse
 h - a scroll of amnesia
 m - a scroll of noise
 n - 3 scrolls of enchant armour
 o - a scroll of teleportation
 p - 2 scrolls of identify
 r - a scroll of immolation
Potions
 c - 3 potions of flight
 e - a potion of curing
 i - a potion of magic
 j - a potion of agility
 l - 4 potions of brilliance
 t - a potion of invisibility
 u - a potion of ambrosia
Comestibles
 b - 9 rations


   Skills:
 - Level 3.2 Fighting
 + Level 6.7 Short Blades
 - Level 2.6 Dodging
 + Level 6.7 Stealth


You had 6 spell levels left.
You didn't know any spells.

Dungeon Overview and Level Annotations

Branches:
Dungeon (6/15)             Temple (1/1) D:4

Altars:
Ashenzari
Cheibriados
Dithmenos
Elyvilon
Fedhas
Gozag
Hepliaklqana
Kikubaaqudgha
Makhleb
Nemelex Xobeh
Okawaru
Qazlal
Ru
Sif Muna
Trog
Uskayaw
Vehumet
Wu Jian
Xom
Yredelemnul
Zin
The Shining One

Shops:
D:5 ?


Innate Abilities, Weirdness & Mutations

You can breathe blasts of fire.
Your fiery red scales are hard. (AC +6)
You cannot fit into any form of body armour.
Your flesh is heat resistant. (rF+)
You are cold-blooded and may be slowed by cold attacks.
You cannot study or cast Air magic.
You cannot study or cast Conjurations magic.
You cannot study or cast Transmutations magic.


Message History

The scorpion is almost dead.
You hit the scorpion but do no damage.
The scorpion is almost dead.
The scorpion stings you!
* * * LOW HITPOINT WARNING * * *
You are lethally poisoned!
The scorpion poisons you!
You feel better. The scorpion closely misses you.
Okay, then.
Okay, then.
Okay, then.
Press: ? - help, Shift-Dir - straight line, f - centaur
Aim: a centaur, wielding a shortbow You breathe a blast of fire.
The fiery breath hits the scorpion.
You kill the scorpion!
The fiery breath hits the centaur.
The centaur is moderately wounded.
You are near starving!
The centaur shoots an arrow.
The arrow hits you!
You die...

#### ... #..#
....
.#+####..#.....
......#@.#.....
......#)##.....
.......c.......
.......§.......
..........#####
.#####....+
#....# #†...#
#....#


You could see a centaur.

Vanquished Creatures
  Prince Ribbit (D:5)
  An ogre (D:4)
  A phantom (D:5)
  2 scorpions
  A crimson imp (D:5)
  A hound (D:4)
  A gnoll shaman (D:6)
  2 worker ants
  4 gnolls (D:6)
  12 adders
  A howler monkey skeleton (D:5)
  A shadow imp (D:6)
  An adder zombie (D:5)
  2 worms
  5 leopard geckos
  12 orcs
  2 giant cockroaches
  10 goblins
  8 hobgoblins
  3 jackals (D:2)
  A quokka (D:5)
  4 ball pythons (D:1)
  11 bats
  5 frilled lizards
  12 kobolds
  A leopard gecko zombie (D:5)
  A quokka skeleton (D:5)
  9 rats
115 creatures vanquished.

Notes
Turn   | Place    | Note
-------+----------+-------------------------------------------
     0 | D:1      | xccam the Draconian Monk began the quest for the Orb.
     0 | D:1      | Reached XP level 1. HP: 19/19 MP: 1/1
   139 | D:1      | Reached XP level 2. HP: 9/26 MP: 2/2
   750 | D:2      | Reached XP level 3. HP: 18/31 MP: 3/3
  1382 | D:2      | Reached XP level 4. HP: 36/38 MP: 4/4
  1889 | D:2      | Found a hazy altar of Hepliaklqana.
  2463 | D:3      | Reached XP level 5. HP: 45/45 MP: 5/5
  2608 | D:3      | Found a faded altar of an unknown god.
  2874 | D:4      | Found a stormy altar of Qazlal.
  2892 | D:4      | Noticed an ogre
  2897 | D:4      | Killed an ogre
  2897 | D:4      | Reached XP level 6. HP: 35/51 MP: 6/6
  2961 | D:4      | Reached skill level 5 in Short Blades
  2961 | D:4      | Reached skill level 5 in Stealth
  3364 | D:4      | Found a staircase to the Ecumenical Temple.
  3661 | D:4      | Found a basalt altar of Yredelemnul.
  3668 | D:4      | Found a white marble altar of Elyvilon.
  3671 | D:4      | Found a shadowy altar of Dithmenos.
  3838 | Temple   | Entered the Ecumenical Temple
  3931 | Temple   | Became a worshipper of Ru the Awakened
  3935 | Temple   | Gained mutation: You cannot study or cast Air magic. [Ru sacrifice]
  3935 | Temple   | Gained mutation: You cannot study or cast Transmutations magic. [Ru sacrifice]
  3935 | Temple   | Gained mutation: You cannot study or cast Conjurations magic. [Ru sacrifice]
  3935 | Temple   | Reached * piety under Ru
  4167 | D:5      | Entered Level 5 of the Dungeon
  4218 | D:5      | Found a glowing golden altar of the Shining One.
  4492 | D:5      | Noticed Prince Ribbit
  4502 | D:5      | Killed Prince Ribbit
  4502 | D:5      | Your scales start taking on a fiery red colour.
  4502 | D:5      | Reached XP level 7. HP: 29/57 MP: 7/7
  4502 | D:5      | Gained mutation: Your flesh is heat resistant. (rF+) [Red Draconian growth]
  4609 | D:5      | Found Hishey's Magic Scroll Boutique.
  4959 | D:6      | Shot with an arrow by a centaur

Skill      XL: |  1  2  3  4  5  6 |
---------------+-------------------+-----
Stealth        | 2 3 4 6 |  6.7
Short Blades   | 4 6 |  6.7
Fighting       | |  3.2
Dodging        | |  2.6

Action                   |  1- 3 |  4- 6 |  7- 9 || total
-------------------------+-------+-------+-------++-------
Melee: Short sword       |   154 |   288 |    89 ||   531
       Tailslap          |    20 |    29 |    17 ||    66
Invok: Sacrifice Arcana  |       |     1 |       ||     1
 Abil: Breathe Fire      |       |       |     4 ||     4
Evoke: Wand              |       |     2 |     3 ||     5
  Use: Scroll            |     4 |     8 |       ||    12
       Potion            |     1 |     2 |     6 ||     9
 Stab: Sleeping          |     3 |    10 |       ||    13
  Eat: Chunk             |     2 |     5 |     2 ||     9
       Ration            |       |     1 |       ||     1
Armor: Skin              |    37 |    58 |    26 ||   121
Dodge: Dodged            |   133 |   147 |    42 ||   322
